cohdb
Replays
Latest Replays
All Replays
Popular Replays
Top Player Replays
Match Explorer
How It Works
Community
CoH3 Stats
Reddit
Sign in to upload your games and track your stats! →
Sign in with Steam
Match 27542076
Unlisted
Match 27542076
Overview
Messages
Build Orders
End
Construct Weapon Support Center
Selects Advanced Infantry Battlegroup
M1919 Machine Gun Team
Sniper
Construct Barracks
Riflemen Squad
Grenade Package
Selects Convert to Ranger Squad
Riflemen Squad
Construct Medical Station
Selects Artillery Observers
Convert to Ranger Squad
Riflemen Squad
M1 Mortar Team
Selects Frontline Medical Station
Mechanized Support Center
Convert to Ranger Squad
Construct Motor Pool
M24 Chaffee Light Tank
Selects Infantry Assault
M1919 Machine Gun Team
M1 Mortar Team
Infantry Assault
M3 75 mm Gun Motor Carriage
M3 75 mm Gun Motor Carriage
팡팡이(Pang_Pang_E)
Friendly Mouse(Poxie)
neurotypical cattle
theBobbles117
Yosugami
NightArk
J.
Holiness von Spud
0
0
Comments
sign in to comment!
No comments posted yet!